 Dungeon Crawl Stone Soup version 0.21-a0-529-g8c7b3f5 (webtiles) character file.

5079 KristoblXynda the Grappler (level 10, -9/92 HPs)
             Began as a Troll Monk on Dec 11, 2017.
             Was a High Priest of Cheibriados.
             Mangled by Grum
             ... wielding a +0 spear of piercing
              (13 damage)
             ... on level 9 of the Dungeon.
             The game lasted 00:18:09 (6550 turns).

KristoblXynda the Grappler (Troll Monk)             Turns: 6550, Time: 00:18:10

Health: -9/92      AC:  8    Str: 34    XL:     10   Next: 31%
Magic:  13/13      EV: 17    Int: 22    God:    Cheibriados [*****.]
Gold:   412        SH:  3    Dex: 25    Spells: 9/9 levels left

rFire    . . .     SeeInvis .     - Unarmed
rCold    . . .     Gourm    +   (no shield)
rNeg     . . .     Faith    .   a - +1 robe
rPois    .         Spirit   .   (helmet restricted)
rElec    .         Reflect  +   f - +1 cloak
rCorr    .         Harm     .   (gloves unavailable)
MR       +....                  (boots unavailable)
Stlth    ++........             w - +3 amulet of reflection
HPRegen  0.65/turn              z - ring of protection from magic
MPRegen  0.13/turn              (no ring)

@: very slow
A: large, unfitting armour, claws 3, fast metabolism 3, gourmand, regeneration
1, shaggy fur 1, tough skin 2
a: Bend Time, Temporal Distortion, Slouch, Step From Time, Renounce Religion


You were on level 9 of the Dungeon.
You worshipped Cheibriados.
Cheibriados was extremely pleased with you.
You were full.

You visited 1 branch of the dungeon, and saw 9 of its levels.

You collected 412 gold pieces.

Inventory:

Hand Weapons
 B - a +3 giant club of draining
Armour
 a - a +1 robe (worn)
 f - a +1 cloak (worn)
Jewellery
 w - a +3 amulet of reflection (around neck)
 z - a ring of protection from magic (left claw)
Wands
 h - a wand of paralysis (30)
 y - a wand of scattershot (3)
Scrolls
 d - 2 scrolls of amnesia
 e - 2 scrolls of immolation
 k - a scroll of remove curse
 l - a scroll of teleportation
 s - a scroll of enchant armour
 u - a scroll of magic mapping
Potions
 c - 3 potions of agility
 m - 3 potions of flight
 n - 2 potions of ambrosia
 o - 4 potions of curing
 q - a potion of lignification
 r - a potion of magic
 A - a potion of brilliance {unknown}
 D - a potion of berserk rage {unknown}
 E - a potion of resistance {unknown}
Books
 g - a book of Debilitation

   Spells                             Type                      Level
   a - Corona                         Hexes                        1
   b - Slow                           Hexes                        2
   c - Inner Flame                    Hexes/Fire                   3
   d - Portal Projectile              Hexes/Translocation          3
   e - Cause Fear                     Hexes                        4
   f - Leda's Liquefaction            Hexes/Earth                  4
 i - a book of Conjurations

   Spells                             Type                      Level
   a - Magic Dart                     Conjuration                  1
   b - Searing Ray                    Conjuration                  2
   c - Dazzling Spray                 Conjuration/Hexes            3
   d - Fulminant Prism                Conjuration/Hexes            4
   e - Force Lance                    Conjuration/Translocation    4
   f - Iskenderun's Mystic Blast      Conjuration                  4
 C - a book of Maledictions

   Spells                             Type                      Level
   a - Corona                         Hexes                        1
   b - Ensorcelled Hibernation        Hexes/Ice                    2
   c - Confuse                        Hexes                        3
   d - Tukima's Dance                 Hexes                        3
   e - Dazzling Spray                 Conjuration/Hexes            3
Comestibles
 b - 6 bread rations
 j - 4 fruits
 p - 5 royal jellies
 t - 5 meat rations


   Skills:
 - Level 4.0 Fighting
 + Level 2.2 Maces & Flails
 + Level 7.4 Dodging
 - Level 1.0 Stealth
 + Level 8.9 Unarmed Combat
 - Level 6.3 Invocations
 + Level 3.5 Evocations


You had 9 spell levels left.
You didn't know any spells.

Dungeon Overview and Level Annotations

Branches:
Dungeon (9/15)             Temple (0/1) D:7             Orc (0/2) D:9
   Lair: D:8-11

Altars:
Ashenzari
Cheibriados
Gozag
Hepliaklqana
Nemelex Xobeh
Okawaru
Ru
Trog
Uskayaw
Vehumet

Shops:
D:7 [(

Annotations:
D:9 Erica, Grum


Innate Abilities, Weirdness & Mutations

You are too large for most types of armour.
You have claws for hands.
Your metabolism is lightning-fast.
You like to eat raw meat.
Your natural rate of healing is unusually fast.
You are covered in fur. (AC +1)
You have very tough skin. (AC +2)


Message History

The burst of metal fragments hits Grum. x3
Grum is almost dead.
The wolf is severely wounded.
Grum misses you.
Evoke which item? (* to show all) (? for menu, Esc to quit)
Aiming: Paralyse
Press: ? - help, Shift-Dir - straight line, f - Grum
Aim: Grum, wielding a spear of piercing and wearing an animal skin (almost dead, chance to defeat MR: 65%) Grum struggles to resist.
Grum hits you but does no damage.
Evoke which item? (* to show all) (? for menu, Esc to quit)
Aiming: Paralyse
Press: ? - help, Shift-Dir - straight line, f/p - Grum
Aim: Grum, wielding a spear of piercing and wearing an animal skin (almost dead, chance to defeat MR: 65%) Grum struggles to resist.
Grum hits you from afar with a spear of piercing!
* * * LOW HITPOINT WARNING * * *
x2 Grum hits you with a spear of piercing.
* * * LOW HITPOINT WARNING * * *
x2 Grum hits you with a spear of piercing!
You die...

#.#####..## #.#
##.#.######.####
##..##.#........##.
#..................
#...##.#.#......#
#.#.#.##.##...#.#
......# #).......#
......# #####.####
#.#.##.# #@# #.#.
># ##g## #.h.#
#.....# #.......#
#.........# ###
+.........+ #..
#.!.......# ###
##.......##


You could see Grum and a wolf.

Vanquished Creatures
  Maurice (D:9)
  The ghost of theanonym the Changer, a novice OpTm (D:5)
  Joseph (D:9)
  Grinder (D:4)
  A hippogriff (D:8)
  A water moccasin (D:7)
  A black bear (D:8)
  An ice beast (D:7)
  3 orc warriors
  A phantom (D:4)
  A wolf (D:9)
  3 centaurs
  3 ogres
  A crocodile (D:8)
  A big kobold (D:8)
  6 bullfrogs
  3 scorpions
  5 killer bees (D:8)
  A howler monkey (D:4)
  5 crimson imps
  6 hounds
  A jelly (D:6)
  6 orc priests
  A gnoll shaman (D:8)
  A bullfrog skeleton (D:5)
  2 iguanas
  9 orc wizards
  12 worker ants
  A killer bee zombie (D:8)
  8 adders
  8 gnolls
  3 adder skeletons
  A worm (D:5)
  2 dart slugs
  3 leopard geckos
  35 orcs
  7 giant cockroaches
  9 goblins
  10 hobgoblins
  7 jackals
  11 kobolds
  5 quokkas
  A ball python (D:4)
  8 bats
  7 frilled lizards
  12 rats
217 creatures vanquished.

Vanquished Creatures (others)
  A bullfrog (D:9)
1 creature vanquished.

Grand Total: 218 creatures vanquished

Notes
Turn   | Place    | Note
-------+----------+-------------------------------------------
     0 | D:1      | KristoblXynda the Troll Monk began the quest for the Orb.
     0 | D:1      | Reached XP level 1. HP: 22/22 MP: 0/0
   167 | D:1      | Reached XP level 2. HP: 29/29 MP: 1/1
   466 | D:1      | Reached XP level 3. HP: 36/36 MP: 2/2
   872 | D:2      | Reached XP level 4. HP: 44/45 MP: 3/3
   884 | D:2      | Reached skill level 4 in Unarmed Combat
  1131 | D:2      | Found a bloodstained altar of Trog.
  1487 | D:3      | Found a snail-covered altar of Cheibriados.
  1505 | D:2      | Reached XP level 5. HP: 40/53 MP: 4/4
  1829 | D:3      | Became a worshipper of Cheibriados the Contemplative
  1829 | D:3      | Reached * piety under Cheibriados
  1829 | D:3      | Reached ** piety under Cheibriados
  1884 | D:3      | Found a hide-covered altar of Uskayaw.
  2055 | D:3      | Reached XP level 6. HP: 62/62 MP: 5/5
  2391 | D:4      | Reached skill level 5 in Unarmed Combat
  2401 | D:4      | Reached *** piety under Cheibriados
  2438 | D:4      | Reached skill level 1 in Invocations
  2464 | D:4      | Noticed Grinder
  2464 | D:4      | Paralysed by Grinder for 5 turns
  2483 | D:4      | Killed Grinder
  2483 | D:4      | Reached XP level 7. HP: 28/70 MP: 5/7
  2504 | D:4      | Found a hazy altar of Hepliaklqana.
  2504 | D:4      | Found a sacrificial altar of Ru.
  2504 | D:4      | Found an opulent altar of Gozag.
  2750 | D:5      | Entered Level 5 of the Dungeon
  2750 | D:5      | Noticed theanonym's ghost (novice OpTm)
  2760 | D:5      | Killed theanonym's ghost
  2760 | D:5      | Reached skill level 5 in Dodging
  2760 | D:5      | Reached skill level 6 in Unarmed Combat
  2760 | D:5      | Reached XP level 8. HP: 78/78 MP: 7/9
  3116 | D:5      | Reached **** piety under Cheibriados
  3143 | D:5      | Found a shattered altar of Ashenzari.
  3623 | D:6      | Reached skill level 7 in Unarmed Combat
  3760 | D:6      | Found an iron altar of Okawaru.
  3971 | D:6      | Found a sparkling altar of Nemelex Xobeh.
  4084 | D:6      | Reached skill level 1 in Maces & Flails
  4155 | D:6      | Reached XP level 9. HP: 62/84 MP: 11/11
  4294 | D:6      | Reached skill level 5 in Invocations
  4606 | D:7      | Reached skill level 1 in Evocations
  4616 | D:7      | Found a radiant altar of Vehumet.
  4783 | D:7      | Reached ***** piety under Cheibriados
  4789 | D:7      | Found Ditrigot's Antique Armour Emporium.
  4872 | D:7      | Found a staircase to the Ecumenical Temple.
  4936 | D:7      | Found Qimod's Antique Weapon Boutique.
  5024 | D:7      | Reached skill level 8 in Unarmed Combat
  5279 | D:8      | Paralysed by an orc wizard for 3 turns
  5800 | D:8      | Reached XP level 10. HP: 16/92 MP: 13/13
  6250 | D:9      | Noticed Maurice
  6255 | D:9      | Noticed Joseph
  6258 | D:9      | Killed Maurice
  6277 | D:9      | Killed Joseph
  6349 | D:9      | Found a staircase to the Orcish Mines.
  6467 | D:9      | Noticed Erica
  6534 | D:9      | Noticed Grum
  6550 | D:9      | HP: 4/92 [Grum/spear of piercing (2)]
  6550 | D:9      | Mangled by Grum

Vault maps used:
D:1:      lightli_arrival_chessboard
D:2:      nrook_uturn, trog_butcher_becter
D:3:      lemuel_crystal_altar, eat_drink_and_be_merry_uskayaw, first_bread
D:4:      gammafunk_temple_overflow_forgotten, minmay_stone_trees_medium,
          uniq_grinder
D:5:      nicolae_ashenzari_panopticon
D:6:      old_standard_altar, basic_altar
D:7:      vehumet_crystals, minmay_temple_entry_butterflies, serial_shops,
          nicolae_shop_window_shopping, nicolae_shop_behind_doors,
          grunt_ogre_cave
D:9:      lemuel_zombie_altar_kikubaaqudgha,
          kennysheep_orc_monster_closet_entryway, uniq_erica, uniq_joseph,
          uniq_grum, uniq_maurice

Skill      XL: |  1  2  3  4  5  6  7  8  9 10 |
---------------+-------------------------------+-----
Fighting       | 3 4 |  4.0
Dodging        | 3 4 5 6 7 |  7.4
Unarmed Combat | 4 5 6 7 8 |  8.9
Invocations    | 2 3 4 6 |  6.3
Maces & Flails | 1 2 |  2.2
Evocations     | 2 3 |  3.5
Stealth        | |  1.0

Action                   |  1- 3 |  4- 6 |  7- 9 | 10-12 || total
-------------------------+-------+-------+-------+-------++-------
Melee: Unarmed           |   101 |   169 |   217 |    43 ||   530
       Punch             |       |     2 |    12 |     2 ||    16
       Giant club        |       |       |    76 |       ||    76
Evoke: Wand              |       |       |     1 |     5 ||     6
  Use: Scroll            |       |    11 |    15 |     3 ||    29
       Potion            |       |       |     5 |       ||     5
 Stab: Sleeping          |     1 |     3 |     6 |     2 ||    12
       Distracted        |       |       |     1 |       ||     1
       Paralysed         |       |       |       |     3 ||     3
  Eat: Chunk             |    14 |    12 |    22 |     1 ||    49
Armor: Robe              |    51 |    74 |    78 |     9 ||   212
       Skin              |       |       |     8 |     3 ||    11
Dodge: Dodged            |    54 |   125 |   260 |    55 ||   494
Block: Other             |       |     3 |    56 |     7 ||    66
       Reflection        |       |       |       |     1 ||     1

Table legend:
 A = Spawn XP
 B = Non-spawn XP
 C = Spawn XP percentage of total XP
 D = Spawn monster count
 E = Non-spawn monster count
 F = Spawn count percentage of total count
 G = Total turns spent on level
                    A         B        C        D         E        F      G
               +---------+---------+-------+---------+---------+-------+---------
         Total |       0 |    7257 |   0.0 |       0 |     218 |   0.0 |  6550
               +---------+---------+-------+---------+---------+-------+---------
           D:1 |       0 |      57 |   0.0 |       0 |      32 |   0.0 |   725
           D:2 |       0 |     140 |   0.0 |       0 |      25 |   0.0 |   788
           D:3 |       0 |     184 |   0.0 |       0 |      30 |   0.0 |   619
           D:4 |       0 |     684 |   0.0 |       0 |      20 |   0.0 |   618
           D:5 |       0 |    1171 |   0.0 |       0 |      27 |   0.0 |   868
           D:6 |       0 |     926 |   0.0 |       0 |      23 |   0.0 |   980
           D:7 |       0 |    1099 |   0.0 |       0 |      20 |   0.0 |   580
           D:8 |       0 |    1689 |   0.0 |       0 |      34 |   0.0 |  1057
           D:9 |       0 |    1307 |   0.0 |       0 |       7 |   0.0 |   315
               +---------+---------+-------+---------+---------+-------+---------
